 Dungeon Crawl Stone Soup version 0.24-a0-613-g1ff6aac338 (webtiles) character file.

Game seed: 9810763814132220292, levelgen mode: deterministic

519 Masnef the Covert (level 7, -2/36 HPs)
             Began as a Kobold Enchanter on Sept 10, 2019.
             Was an Initiate of Gozag.
             Slain by an orc warrior
             ... wielding a +2 flail of holy wrath
              (15 damage)
             ... on level 5 of the Dungeon.
             The game lasted 00:16:45 (7538 turns).

Masnef the Covert (Kobold Enchanter)                Turns: 7538, Time: 00:16:46

Health: -2/36      AC:  6    Str:  5    XL:     7   Next: 45%
Magic:  3/11       EV: 15    Int: 19    God:    Gozag
Gold:   139        SH:  0    Dex: 15    Spells: 3/12 levels left

rFire    . . .     SeeInvis .   a - +1 dagger
rCold    . . .     Gourm    .   (shield restricted)
rNeg     + . .     Faith    .   b - +1 robe
rPois    +         Spirit   .   p - +0 helmet (curse)
rElec    .         Reflect  .   B - +1 cloak {rPois}
rCorr    .         Harm     .   (no gloves)
MR       .....                  (no boots)
Stlth    ++++......             (no amulet)
HPRegen  0.12/turn              g - ring of positive energy
MPRegen  0.12/turn              (no ring)

@: no status effects
A: small, carnivore
a: Potion Petition, Call Merchant, Bribe Branch, Renounce Religion


You were on level 5 of the Dungeon.
You worshipped Gozag.
Gozag was aware of your devotion.
You were hungry.

You visited 2 branches of the dungeon, and saw 7 of its levels.

You collected 199 gold pieces.
You paid 60 gold pieces to Gozag.

Inventory:

Hand Weapons
 a - a +1 dagger (weapon)
Missiles
 c - 41 poisoned darts (quivered)
Armour
 b - a +1 robe (worn)
 p - a cursed +0 helmet (worn)
 B - a +1 cloak of poison resistance (worn)
Jewellery
 e - a +5 ring of evasion {unknown}
 g - a ring of positive energy (left hand)
Wands
 A - a wand of random effects (6)
 C - a wand of disintegration (8)
Scrolls
 h - 2 scrolls of remove curse
 m - 3 scrolls of identify {unknown}
 n - a scroll of fear {unknown}
 o - 2 scrolls of amnesia {unknown}
 u - a scroll of fog {unknown}
 x - a scroll of magic mapping {unknown}
 y - a scroll of teleportation
 z - 2 scrolls of enchant armour
Potions
 f - a potion of heal wounds {unknown}
 i - a potion of ambrosia {unknown}
 j - 3 potions of brilliance {unknown}
 k - a potion of agility {unknown}
 l - 2 potions of berserk rage {unknown}
 q - 2 potions of curing {unknown}
 r - a potion of mutation {unknown}
 s - a potion of haste {unknown}
 t - a potion of flight {unknown}
 v - a potion of magic {unknown}
 w - a potion of resistance {unknown}
 D - 3 potions of lignification {unknown}
Comestibles
 d - 6 rations


   Skills:
 * Level 4.2 Short Blades
 * Level 1.9 Throwing
 - Level 2.4 Dodging
 * Level 8.4 Stealth
 + Level 3.1 Spellcasting
 + Level 4.1 Hexes


You had 3 spell levels left.
You knew the following spells:

 Your Spells              Type           Power        Failure   Level  Hunger
a - Corona                Hex            ###....      2%          1    None
b - Ensorcelled Hibernat  Hex/Ice        ##....       10%         2    ##.....
c - Confuse               Hex            ###.....     9%          3    ###....
d - Dazzling Spray        Conj/Hex       ##....       19%         3    ###....

Your spell library contained the following spells:

 Spells                   Type           Power        Failure   Level  Hunger
 Tukima's Dance           Hex            ###.....     9%          3    ###....


Dungeon Overview and Level Annotations

Branches:
Dungeon (6/15)             Temple (1/1) D:5

Altars:
Ashenzari
Cheibriados
Dithmenos
Elyvilon
Fedhas
Gozag
Hepliaklqana
Kikubaaqudgha
Makhleb
Nemelex Xobeh
Okawaru
Qazlal
Sif Muna
Trog
Uskayaw
Vehumet
Wu Jian
Xom
Yredelemnul
Zin


Innate Abilities, Weirdness & Mutations

You are small and have problems with some larger weapons.
You are carnivorous and can eat meat at any time.


Message History

The orc warrior barely misses you.
The orc priest becomes distracted by your gold, dreaming of imaginary riches.
The orc priest is no longer distracted by gold.
The orc priest looks encouraged for a moment.
There is a stone staircase leading up here.
The orc priest mumbles some strange prayers to Beogh against you.
Beogh smites you!
The orc warrior hits you with a +2 flail of holy wrath.
You climb upwards.
Your magical contamination has completely faded away.
There is a stone staircase leading down here.
Casting: Dazzling Spray (safe; 19% risk of failure)
Confirm with . or Enter, or press ? or * to list all spells.
Aiming: Ensorcelled Hibernation (safe; 10% risk of failure)
Press: ? - help, Shift-Dir - straight line, f - orc warrior
Aim: an orc warrior, wielding a +2 flail of holy wrath and wearing a +0 plate armour (chance to defeat MR: 41%)
The orc warrior resists with some effort.
The orc warrior hits you with a +2 flail of holy wrath!
You die...
Your body crumbles into a pile of gold.

......##.# ##.## #.#
......##.# ##...# #.#
......8#.# #....# #.#
.........# #....# #.#
......8..# #....# #.#
......##.# #...## #.#
......##.# ##.## #.#
○.....##.# ######.# #[#
......##.## #@.....# #.#
....○.#...## #o###### #.#
....☼.##.#.## #.# #.#
########..#.# #.# #.# #
#.##..## #.# #.# # ##.#.##
#.# #.# # ##..# #.# #.# #
##.######.##########.#
#########.##................#


You could see an orc warrior.

Vanquished Creatures
  An ogre (D:5)
  2 howler monkeys
  A crimson imp (D:5)
  Crazy Yiuf (D:5)
  An iguana (D:4)
  Natasha (thrice) (D:4)
  2 worker ants (D:5)
  A hound skeleton (D:5)
  A worker ant zombie (D:5)
  4 adders
  An adder skeleton (D:4)
  An adder zombie (D:5)
  5 worms
  4 leopard geckos
  7 orcs
  A ball python (D:3)
  4 giant cockroaches
  5 hobgoblins
  3 jackals
  3 quokkas
  6 bats
  2 frilled lizards
  5 goblins
  5 kobolds
  4 rats
73 creatures vanquished.

Notes
Turn   | Place    | Note
-------+----------+-------------------------------------------
     0 | D:1      | Masnef the Kobold Enchanter began the quest for the Orb.
     0 | D:1      | Reached XP level 1. HP: 10/10 MP: 3/3
   624 | D:1      | Reached XP level 2. HP: 11/15 MP: 3/5
   628 | D:1      | Learned a level 2 spell: Ensorcelled Hibernation
  1364 | D:2      | Noticed a howler monkey
  1680 | D:2      | Reached XP level 3. HP: 12/19 MP: 3/6
  1795 | D:2      | Reached skill level 5 in Stealth
  2206 | D:1      | Reached XP level 4. HP: 24/24 MP: 2/7
  2528 | D:2      | Reached skill level 6 in Stealth
  2962 | D:3      | Found a sparkling altar of Nemelex Xobeh.
  3063 | D:3      | You fall into a shaft and drop 3 floors!
  3078 | D:6      | Noticed a phantom
  3097 | D:5      | Entered Level 5 of the Dungeon
  3180 | D:5      | Reached XP level 5. HP: 9/28 MP: 0/8
  3643 | D:5      | Noticed an ogre
  3648 | D:5      | Killed an ogre
  3648 | D:5      | Reached skill level 1 in Throwing
  3648 | D:5      | Reached skill level 7 in Stealth
  3648 | D:5      | Reached XP level 6. HP: 32/32 MP: 2/10
  3959 | D:4      | Learned a level 3 spell: Confuse
  4110 | D:4      | Found a shimmering altar of Xom.
  4788 | D:3      | Learned a level 3 spell: Dazzling Spray
  5010 | D:3      | Found a basalt altar of Yredelemnul.
  5011 | D:3      | Found a shimmering blue altar of Sif Muna.
  5430 | D:4      | Noticed Natasha
  5437 | D:4      | Killed Natasha
  5954 | D:4      | Noticed Natasha
  5958 | D:4      | Killed Natasha
  5958 | D:4      | Reached XP level 7. HP: 33/36 MP: 8/11
  5972 | D:4      | Noticed Natasha
  5976 | D:4      | Killed Natasha
  6185 | D:5      | Reached skill level 8 in Stealth
  6867 | D:5      | Found a staircase to the Ecumenical Temple.
  6877 | Temple   | Entered the Ecumenical Temple
  7025 | Temple   | Became a worshipper of Gozag Ym Sagoz the Greedy
  7181 | D:5      | Found a runed translucent door.
  7182 | D:5      | Noticed Crazy Yiuf
  7431 | D:5      | Killed Crazy Yiuf
  7538 | D:5      | Slain by an orc warrior

Levels and vault maps discovered:
D:1:      roderic_chinese_lattice_arrival, layout_basic
D:2:      layout_loops_ring
D:3:      layout_loops_corners, chequers_temple_overflow_statue_of_worship,
          old_standard_altar
D:4:      layout_loops_corners, lemuel_round_altar, serial_forest,
          infiniplex_forest_lined_2, infiniplex_forest_lined_3_way,
          infiniplex_forest_end_3, infiniplex_forest_lined_2,
          infiniplex_forest_corner_1, infiniplex_forest_clump_small,
          infiniplex_forest_lined_ring, infiniplex_forest_clump_large,
          first_ration, uniq_natasha
D:5:      layout_loops_ring, lemuel_temple_firewalk_b, uniq_crazy_yiuf_cottage
D:6:      layout_gridville, bloody_trog
Temple:   nicolae_temple_elliptical

Skill      XL: |  1  2  3  4  5  6  7 |
---------------+----------------------+-----
Short Blades   | 2 3 4 |  4.2
Stealth        | 5 6 7 8 |  8.4
Throwing       | 1 |  1.9
Hexes          | 4 |  4.1
Spellcasting   | 3 |  3.1
Dodging        | |  2.4

Action                   |  1- 3 |  4- 6 |  7- 9 || total
-------------------------+-------+-------+-------++-------
Melee: Dagger            |    88 |   126 |   198 ||   412
Throw: Dart              |       |    23 |       ||    23
 Cast: Corona            |     6 |     2 |       ||     8
       Ensorcelled Hiber |    16 |    34 |     7 ||    57
       Confuse           |       |     1 |     4 ||     5
       Dazzling Spray    |       |       |     6 ||     6
Evoke: Wand              |       |       |     9 ||     9
  Use: Scroll            |       |     4 |       ||     4
 Stab: Sleeping          |    15 |    27 |     6 ||    48
       Confused          |       |     1 |     1 ||     2
       Invisible         |       |       |     1 ||     1
  Eat: Chunk             |    10 |     8 |     5 ||    23
       Ration            |       |       |     1 ||     1
Armor: Robe              |    11 |    18 |    39 ||    68
Dodge: Dodged            |    78 |    96 |   119 ||   293

Table legend:
 A = Non-vault XP
 B = Vault XP
 C = Vault XP percentage of total XP
 D = Non-vault monster count
 E = Vault monster count
 F = Vault count percentage of total count
                 A         B        C        D         E       F
            +---------+---------+-------+---------+---------+-------
      Total |     666 |      76 |  10.2 |      71 |       2 |   2.7
            +---------+---------+-------+---------+---------+-------
        D:1 |      70 |       0 |   0.0 |      14 |       0 |   0.0
        D:2 |      55 |       0 |   0.0 |      15 |       0 |   0.0
        D:3 |      69 |       0 |   0.0 |      23 |       0 |   0.0
        D:4 |     111 |      35 |  24.0 |       5 |       1 |  16.7
        D:5 |     343 |      41 |  10.7 |      11 |       1 |   8.3
        D:6 |      18 |       0 |   0.0 |       3 |       0 |   0.0
            +---------+---------+-------+---------+---------+-------
